 Dungeon Crawl Stone Soup version 0.25.1-2-g60ff931df9 (webtiles) character file.

Game seed: 1434734242209203706

757 Delamore the Basher (level 7, 0/41 HPs)
             Began as a Gargoyle Fighter on Aug 17, 2020.
             Killed by nerve-wracking pain
             ... invoked by an orc priest
              (5 damage)
             ... on level 4 of the Dungeon.
             The game lasted 00:05:31 (4443 turns).

Delamore the Basher (Gargoyle Fighter)              Turns: 4443, Time: 00:05:32

Health: 0/41       AC: 13    Str: 27    XL:     7   Next: 79%
Magic:  7/7        EV:  6    Int:  9    God:
Gold:   137        SH:  9    Dex:  9    Spells: 6/6 levels left

rFire    . . .     SeeInvis .   p - +0 mace (curse)
rCold    . . .     Gourm    .   c - +0 kite shield
rNeg     + . .     Faith    .   v - +0 chain mail
rPois    ∞         Spirit   .   (no helmet)
rElec    +         Reflect  .   (no cloak)
rCorr    .         Harm     .   (no gloves)
MR       .....                  (no boots)
Stlth    ..........             (no amulet)
HPRegen  0.13/turn              r - ring of wizardry
MPRegen  0.10/turn              t - +6 ring of strength

@: mighty
A: negative energy resistance 1, electricity resistance, unbreathing,
petrification resistance, rot immunity, AC +4
a: no special abilities


You were on level 4 of the Dungeon.
You were not hungry.

You visited 1 branch of the dungeon, and saw 4 of its levels.
You also visited: Ossuary.

You collected 137 gold pieces.

Inventory:

Hand Weapons
 a - a +0 flail
 k - a +2 flail of protection
 p - a cursed +0 mace (weapon)
Missiles
 n - 12 poisoned darts (quivered)
Armour
 c - a +0 kite shield (worn)
 v - a +0 chain mail (worn)
Jewellery
 r - a ring of wizardry (left hand)
 t - a +6 ring of strength (right hand)
Scrolls
 b - a scroll of fear {unknown}
 e - 4 scrolls of fog
 g - a scroll of magic mapping
 m - 2 scrolls of enchant armour
 q - a scroll of amnesia {unknown}
 s - a scroll of random uselessness {unknown}
 x - a scroll of teleportation {unknown}
 y - a scroll of remove curse {unknown}
 B - a scroll of enchant weapon
Potions
 d - a potion of might
 h - a potion of flight {unknown}
 i - a potion of stabbing {unknown}
 j - 3 potions of resistance {unknown}
 l - 4 potions of curing {unknown}
 o - 2 potions of heal wounds {unknown}
 u - 2 potions of mutation {unknown}
 w - a potion of degeneration {unknown}
 z - a potion of brilliance {unknown}
Comestibles
 f - 5 rations
 A - 5 chunks of flesh


   Skills:
 - Level 3.2 Fighting
 + Level 8.6 Maces & Flails
 - Level 3.2 Armour
 - Level 3.2 Shields


You had 6 spell levels left.
You didn't know any spells.
Your spell library was empty.

Dungeon Overview and Level Annotations

Branches:
Dungeon (4/15)            Ossuary (visited)
 Temple: D:4-7

Altars:
Gozag

Annotations:
D:4 Eustachio


Innate Abilities, Weirdness & Mutations

You are resistant to torment.
Your stone body is resilient. (AC +4)
You are immune to poison.
You resist negative energy. (rN+)
You are resistant to electric shocks. (rElec)
You can survive without breathing.
You are immune to petrification.
You are immune to rotting.


Message History

The orc priest barely misses you. The hound bites you but does no damage.
The rat barely misses you. The rat bites you but does no damage.
Okay, then.
You feel very mighty all of a sudden. The hound barely misses you.
The bat hits you but does no damage. You block the orc priest's attack.
The orc hits you but does no damage. The rat bites you but does no damage.
The rat barely misses you. You block the hound's attack.
You completely miss the orc. You block the bat's attack.
You block the hound's attack.
The orc priest hits you but does no damage.
You block the orc's attack.
The rat bites you but does no damage. x2
You hit the orc priest.
The orc priest is almost dead.
The bat hits you but does no damage. The hound bites you but does no damage.
Eustachio gestures wildly while chanting.
Eustachio blinks!
The orc priest calls down the wrath of Beogh upon you.
Pain shoots through your body!
You die...

*,,,* ****,,,,,,*,**,,,,,,,,,,*
,,,,* *,,,,*,,,...#.....,,,,,,*
,,,****,,,,,,,,....#....,,,,,**
,,,***,,,,,,,,##......##,***,*
,,,,,,,,,,,,,,,......>.#,* ***
,,,,,,,,,..,,,,.......#***
,,,,,,,,,...***#bo....#
,,,,,,,,*#..####ooo..#*
*,*,,,,***#.....@r§..#
,***,,,**##...@.hr..## **
*,,,,,...........##########
*******,,....b........#...##.##
,,*******.##...............#..##
,,,,,,,,,,,#.....#.......#...[.##
,,,,,,,*,**#.##..#..)#.###......#
*,,,,,**,,,###......##...........
,,,,,,**,...#......###...###.....


You could see Eustachio, a hound, an orc priest, 3 orcs, 2 bats and 2 rats.

Vanquished Creatures
  A wraith (Ossuary)
  A phantom (D:3)
  2 hounds (D:4)
  A centaur skeleton (D:4)
  2 orc wizards
  Jessica (D:2)
  2 iguanas (D:3)
  A worker ant (D:4)
  3 mummies (Ossuary)
  2 adders (D:2)
  4 gnolls
  5 oozes (D:1)
  2 worms
  5 dart slugs
  3 leopard geckos
  10 orcs (D:3)
  10 bats
  11 giant cockroaches
  A gnoll zombie (Ossuary)
  10 goblins
  9 hobgoblins
  16 jackals
  6 kobolds
  6 frilled lizards
  7 goblin zombies (Ossuary)
  2 hobgoblin zombies (Ossuary)
  2 kobold zombies (Ossuary)
  13 rats
138 creatures vanquished.

Notes
Turn   | Place    | Note
-------+----------+-------------------------------------------
     0 | D:1      | Delamore the Gargoyle Fighter began the quest for the Orb.
     0 | D:1      | Reached XP level 1. HP: 14/14 MP: 1/1
     1 | D:1      | Found a runed translucent door.
   255 | D:1      | Reached XP level 2. HP: 19/19 MP: 2/2
   270 | D:1      | Reached skill level 3 in Maces & Flails
   299 | D:1      | Reached XP level 3. HP: 16/23 MP: 3/3
  1019 | D:1      | Reached skill level 4 in Maces & Flails
  1034 | D:1      | Reached XP level 4. HP: 23/28 MP: 4/4
  1252 | D:1      | Reached skill level 5 in Maces & Flails
  1429 | D:2      | Reached XP level 5. HP: 30/32 MP: 5/5
  1890 | D:2      | Noticed Jessica
  1896 | D:2      | Killed Jessica
  2428 | D:3      | Reached skill level 6 in Maces & Flails
  2555 | D:3      | Reached XP level 6. HP: 37/37 MP: 6/6
  3521 | D:4      | Noticed a phantom
  3602 | D:3      | Killed a phantom
  3602 | D:3      | Reached skill level 7 in Maces & Flails
  3678 | D:4      | Reached XP level 7. HP: 36/41 MP: 7/7
  3698 | D:4      | Found a sand-covered staircase.
  3705 | Ossuary  | Entered an ossuary
  3705 | Ossuary  | Noticed a wraith
  3705 | Ossuary  | Noticed a wraith
  3705 | Ossuary  | Noticed a wraith
  3884 | Ossuary  | Noticed a wraith
  3895 | Ossuary  | Killed a wraith
  3895 | Ossuary  | Reached skill level 8 in Maces & Flails
  4247 | D:4      | Found an opulent altar of Gozag.
  4376 | D:4      | Got a smoking robe
  4387 | D:4      | Identified the +1 robe of an ossuary {rF+ Dex+9} (You found
                  | it on level 4 of the Dungeon)
  4414 | D:4      | Noticed Eustachio
  4443 | D:4      | Killed from afar by an orc priest

Illustrated notes

Levels and vault maps discovered:
D:1:      dpeg_arrival_caged_fury, layout_loops_ring
D:2:      layout_loops_ring, eino_curves_02, uniq_jessica
D:3:      layout_basic
D:4:      layout_cave_pools, nicolae_ossuary_entry_ruins,
          nicolae_gozag_cash_rules_everything_around_me, uniq_menkaure,
          uniq_eustachio, uniq_natasha

Skill      XL: |  1  2  3  4  5  6  7 |
---------------+----------------------+-----
Maces & Flails | 3 4 5 6 7 8 |  8.6
Fighting       | |  3.2
Armour         | |  3.2
Shields        | |  3.2

Action                   |  1- 3 |  4- 6 |  7- 9 || total
-------------------------+-------+-------+-------++-------
Melee: Flail             |   122 |   148 |       ||   270
       Mace              |       |   120 |   112 ||   232
  Use: Scroll            |       |     3 |     2 ||     5
       Potion            |       |       |     1 ||     1
  Eat: Chunk             |       |    10 |     2 ||    12
Armor: Scale mail        |    93 |   101 |       ||   194
       Chain mail        |       |    21 |    93 ||   114
Dodge: Dodged            |    53 |    56 |    31 ||   140
Block: Kite shield       |    67 |   148 |    70 ||   285
